 Dungeon Crawl Stone Soup version 0.28.0-53-g5a82cb258f (webtiles) character file.

Game seed: 15472029450959617420

29096 cbfl8 the Severer (level 13, -21/183 HPs)
             Began as a Minotaur Berserker on Aug 3, 2022.
             Was a High Priest of Trog.
             Demolished by a shambling mangrove (27 damage)
             ... on level 13 of the Dungeon.
             The game lasted 00:35:29 (22248 turns).

cbfl8 the Severer (Minotaur Berserker)             Turns: 22248, Time: 00:35:30

Health: -21/183    AC: 17    Str: 22    XL:     13   Next: 13%
Magic:  12/12      EV:  8    Int: 10    God:    Trog [*****.]
Gold:   779        SH:  0    Dex: 15    Spells: 12/12 levels left

rFire   + . .      SeeInvis .   e - +3 battleaxe (flame)
rCold   + . .      Faith    .   (shield currently unavailable)
rNeg    . . .      Spirit   .   a - +0 plate armour
rPois   .          Reflect  .   (helmet restricted)
rElec   .          Harm     .   v - scarf {rC+ rF+}
rCorr   .          Rampage  .   b - +0 pair of gloves
Will    .....                   f - +0 pair of boots
Stlth   ..........              x - amulet of the acrobat
HPRegen 0.40/turn               d - +6 ring of intelligence
MPRegen 0.13/turn               B - +4 ring of protection

@: berserking, grasped by roots, corroded, constricted, very quick
A: horns 2, retaliatory headbutt
a: Renounce Religion, Berserk, Trog's Hand, Brothers in Arms


You were on level 13 of the Dungeon.
You worshipped Trog.
Trog was extremely pleased with you.
You visited 1 branch of the dungeon, and saw 13 of its levels.

You collected 779 gold pieces.

Inventory:

Hand Weapons
 e - a +3 battleaxe of flaming (weapon)
 r - a +0 vorpal battleaxe
Missiles
 y - a throwing net
Armour
 a - a +0 plate armour (worn)
 b - a +0 pair of gloves (worn)
 f - a +0 pair of boots (worn)
 o - a +0 cloak of willpower
 v - a scarf of resistance (worn)
Jewellery
 d - a +6 ring of intelligence (left hand)
 h - a ring of fire
 x - an amulet of the acrobat (around neck)
 B - a +4 ring of protection (right hand)
Wands
 q - a wand of polymorph (16) (quivered)
Scrolls
 c - 2 scrolls of immolation
 g - 3 scrolls of teleportation
 i - 3 scrolls of blinking
 j - 2 scrolls of enchant weapon
 l - 3 scrolls of summoning
 n - a scroll of magic mapping
 p - 2 scrolls of identify
 w - 3 scrolls of silence
 D - a scroll of fear
Potions
 m - a potion of invisibility
 s - a potion of mutation
 t - a potion of resistance
 u - a potion of ambrosia
 z - 2 potions of lignification {unknown}
Miscellaneous
 k - a tin of tremorstones (2/2)
 C - a phial of floods


   Skills:
 * Level 13.1 Fighting
 + Level 15.5 Axes
 + Level 10.5 Armour
 * Level 10.0 Dodging
 + Level 1.8 Stealth
 * Level 8.3 Evocations


You had 12 spell levels left.
You didn't know any spells.
Your spell library was empty.

Dungeon Overview and Level Annotations

Branches:
Dungeon (13/15)            Temple (0/1) D:5            Lair (0/6) D:9
    Orc (0/2) D:10         Vaults (0/5) D:13

Altars:
Ashenzari
Cheibriados
Kikubaaqudgha
Okawaru
Sif Muna
Uskayaw
Vehumet
Xom
Yredelemnul
Zin


Innate Abilities, Weirdness & Mutations

You have a pair of horns on your head.
You reflexively headbutt those who attack you in melee.


Message History

You escape the roots' grasp.
Roots burst forth from the earth!
The grasping roots grab you! The grasping roots constrict you!
The roots' grasp on you weakens, but your attempt to escape fails.
The grasping roots constrict you.
The roots' grasp on you weakens, but your attempt to escape fails.
The grasping roots constrict you!
You escape the roots' grasp.
You hit the shambling mangrove. You burn the shambling mangrove.
The shambling mangrove is lightly damaged.
You hit the shambling mangrove but do no damage.
Your headbutt misses the shambling mangrove.
The shambling mangrove is lightly damaged.
The shambling mangrove hits you but does no damage.
You hit the shambling mangrove but do no damage.
You headbutt the shambling mangrove!
The shambling mangrove is lightly damaged.
The shambling mangrove hits you!!
* * * LOW HITPOINT WARNING * * *
A red film seems to cover your vision as you go berserk!
You feel yourself moving faster!
You feel mighty! The shambling mangrove hits you!!
* * * LOW HITPOINT WARNING * * *
You slice the shambling mangrove!! You burn the shambling mangrove.
The shambling mangrove is moderately damaged.
You hit the shambling mangrove. You burn the shambling mangrove.
The shambling mangrove is heavily damaged.
Roots burst forth from the earth!
The grasping roots grab you! The grasping roots constrict you!
* * * LOW HITPOINT WARNING * * *
You slash the shambling mangrove! You burn the shambling mangrove.
You headbutt the shambling mangrove!!
The shambling mangrove is severely damaged.
You completely miss the shambling mangrove.
The shambling mangrove is severely damaged.
Angry insects surge out from beneath the shambling mangrove's foliage!
The shambling mangrove hits you!!
You die...

#........♣♣≈≈♣♣ #........♣♣♣♣♣♣♣♣
######'##♣♣P≈P♣##......♣♣♣≈!P♣
..........♣♣.≈♣.....♣♣♣♣≈Pf≈.♣
...................P♣♣♣≈≈≈≈≈≈♣
....................♣≈≈≈P≈≈P♣♣
......!.............♣.≈≈≈≈≈≈≈♣
......^[.....).......♣≈≈≈≈≈≈≈♣#..
####....#####'##.y.y.♣≈≈≈≈≈≈≈≈+..
...'....#..<....@f...♣♣≈≈≈≈≈≈♣#..
...#....#............♣ ♣♣♣≈≈♣♣≈≈≈
.)[#.####......y...≈≈♣ ≈♣≈≈≈≈
...#.#.............≈≈♣♣!♣ ♣♣♣♣♣≈≈
...#.#..............≈≈.♣ ♣.(.♣♣≈
..##.'..............♣♣♣♣♣♣♣....#.
..#..#################...#.....+.
..#.....................<#.....+.
..#......................##'####.


You could see a shambling mangrove and 3 hornets.

Vanquished Creatures
  Fannar (D:10)
  A hydra (D:12)
  2 centaur warriors (D:13)
  Erica (D:10)
  4 two-headed ogres
  2 tengu warriors (D:13)
  2 orc knights (D:13)
  A deep elf pyromancer (D:13)
  3 ugly things
  4 manticores
  4 centaur zombies
  A kobold demonologist (D:13)
  3 yaktaurs (D:13)
  A tengu conjurer (D:13)
  2 trolls (D:12)
  2 polar bears
  20 slime creatures
  3 shadows
  Sigmund (D:3)
  18 yaks
  2 vampires
  10 vampire mosquitoes
  2 wargs (D:13)
  3 water moccasins
  An acid dragon (D:13)
  A sky beast (D:5)
  4 orc warriors (D:10)
  3 ice beasts
  3 black bears
  3 ogres (D:5)
  A wolf (D:8)
  7 centaurs
  2 necrophages
  A kobold brigand (D:13)
  Blork the orc (D:4)
  2 gnoll sergeants
  3 bullfrogs
  8 scorpions
  A wyvern zombie (D:8)
  18 killer bees (D:10)
  6 electric eels
  4 howler monkeys
  A vampire bat (D:11)
  A bullfrog zombie (D:5)
  A hound (D:5)
  A lava snake (D:10)
  A jelly (D:4)
  6 orc priests
  2 gnoll shamans
  Crazy Yiuf (D:2)
  2 bullfrog skeletons
  16 orc wizards
  A killer bee zombie (D:9)
  A hound skeleton (D:5)
  A howler monkey zombie (D:9)
  Robin (D:2)
  16 gnolls
  8 adders
  2 shadow imps
  6 white imps
  An adder skeleton (D:4)
  2 dart slugs
  47 orcs
  2 bat skeletons (D:11)
  2 bat zombies (D:11)
  4 endoplasms
  7 giant cockroaches
  17 goblins
  10 hobgoblins
  12 jackals
  14 kobolds
  7 quokkas
  13 ball pythons
  10 bats
  6 frilled lizards
  2 rats
  A spectral orc (D:3)
  2 butterflies (D:10)
389 creatures vanquished.

Vanquished Creatures (collateral kills)
  A two-headed ogre (D:11)
  2 orc wizards (D:11)
  An orc (D:11)
4 creatures vanquished.

Vanquished Creatures (others)
  An orc wizard (D:10)
  An orc (D:13)
  4 fungi (D:10)
  7 plants (D:13)
  4 toadstools (D:1)
17 creatures vanquished.

Grand Total: 410 creatures vanquished

Notes
Turn   | Place    | Note
-------+----------+-------------------------------------------
     0 | D:1      | cbfl8 the Minotaur Berserker began the quest for the Orb.
     0 | D:1      | Reached XP level 1. HP: 19/19 MP: 0/0
   428 | D:1      | Reached skill level 4 in Axes
   428 | D:1      | Reached XP level 2. HP: 22/27 MP: 1/1
  1009 | D:1      | Reached ** piety under Trog
  1546 | D:2      | Reached XP level 3. HP: 31/33 MP: 2/2
  1735 | D:2      | Noticed Robin
  1754 | D:2      | Killed Robin
  1756 | D:2      | Reached XP level 4. HP: 27/41 MP: 3/3
  2216 | D:2      | Identified the +1 leather armour "Boguydgh" {rPois}
  2326 | D:2      | Found a runed translucent door.
  2327 | D:2      | Noticed Crazy Yiuf
  2544 | D:2      | Found a faded altar of an unknown god.
  2694 | D:2      | Reached *** piety under Trog
  2997 | D:2      | Killed Crazy Yiuf
  3437 | D:3      | Noticed Sigmund
  3445 | D:3      | Killed Sigmund
  3446 | D:3      | Reached skill level 5 in Fighting
  3446 | D:3      | Reached skill level 5 in Axes
  3446 | D:3      | Reached skill level 1 in Evocations
  3446 | D:3      | Reached XP level 5. HP: 48/48 MP: 4/4
  3446 | D:3      | Reached XP level 6. HP: 56/56 MP: 5/5
  3588 | D:3      | Reached skill level 6 in Axes
  3588 | D:3      | Reached skill level 1 in Stealth
  3682 | D:3      | Found a basalt altar of Yredelemnul.
  4463 | D:4      | Noticed Blork the orc
  4471 | D:4      | Killed Blork the orc
  4472 | D:4      | Reached XP level 7. HP: 48/62 MP: 6/6
  4793 | D:4      | Found a broken altar of Ashenzari.
  4797 | D:4      | Saw a vision of the Shoals and the Snake Pit.
  4797 | D:4      | Noticed a naga mage
  4797 | D:4      | Noticed a black mamba
  4797 | D:4      | Noticed a salamander
  4797 | D:4      | Noticed a black mamba
  4797 | D:4      | Noticed a naga ritualist
  4797 | D:4      | Noticed a salamander
  4797 | D:4      | Noticed an anaconda
  4797 | D:4      | Noticed a merfolk siren
  4797 | D:4      | Noticed a wind drake
  4797 | D:4      | Noticed a merfolk
  4797 | D:4      | Noticed a merfolk
  4798 | D:4      | Noticed a naga sharpshooter
  4798 | D:4      | Noticed a wind drake
  4799 | D:4      | Noticed a naga mage
  5117 | D:5      | Entered Level 5 of the Dungeon
  5345 | D:5      | Reached skill level 7 in Axes
  5689 | D:5      | Reached XP level 8. HP: 69/71 MP: 7/7
  6145 | D:5      | Found a staircase to the Ecumenical Temple.
  6234 | D:5      | Reached **** piety under Trog
  6243 | D:5      | Reached skill level 5 in Dodging
  6376 | D:5      | Reached skill level 8 in Axes
  7191 | D:6      | Reached skill level 5 in Armour
  8060 | D:7      | Reached XP level 9. HP: 76/79 MP: 8/8
  8964 | D:7      | Reached skill level 9 in Axes
  9501 | D:8      | Found a shimmering blue altar of Sif Muna.
  9502 | D:8      | Found an ancient bone altar of Kikubaaqudgha.
  9502 | D:8      | Found an iron altar of Okawaru.
  9503 | D:8      | Found a hide-covered altar of Uskayaw.
  9512 | D:8      | Found a radiant altar of Vehumet.
  9841 | D:8      | Found a glowing silver altar of Zin.
  9843 | D:8      | Noticed an angel
  9845 | D:8      | Found a shimmering altar of Xom.
  9912 | D:8      | Found a snail-covered altar of Cheibriados.
  9924 | D:8      | Reached skill level 5 in Evocations
 10072 | D:8      | Noticed a two-headed ogre
 10082 | D:8      | Killed a two-headed ogre
 10083 | D:8      | Reached skill level 10 in Axes
 10707 | D:9      | Found a staircase to the Lair.
 10830 | D:9      | Noticed a polar bear
 10835 | D:9      | Reached XP level 10. HP: 90/90 MP: 9/9
 10924 | D:9      | Noticed a two-headed ogre
 11217 | D:9      | Noticed a two-headed ogre
 11310 | D:8      | Killed a two-headed ogre
 11311 | D:8      | Reached skill level 11 in Axes
 12021 | D:9      | Killed a two-headed ogre
 12187 | D:9      | Reached ***** piety under Trog
 12480 | D:10     | Entered Level 10 of the Dungeon
 12615 | D:10     | Reached skill level 12 in Axes
 12743 | D:10     | Reached skill level 10 in Fighting
 12743 | D:10     | Reached XP level 11. HP: 92/99 MP: 10/10
 13046 | D:10     | Noticed Fannar
 13059 | D:10     | Killed Fannar
 13813 | D:10     | Noticed Erica
 14283 | D:10     | Found a runed translucent door.
 14285 | D:10     | Found a runed translucent door.
 14506 | D:10     | Killed Erica
 14812 | D:10     | Found a staircase to the Orcish Mines.
 14978 | D:10     | Reached skill level 13 in Axes
 15811 | D:11     | HP: 4/102 [large slime creature (22)]
 16212 | D:11     | Noticed a two-headed ogre
 16219 | D:11     | Killed a two-headed ogre
 16824 | D:11     | Found an ancient bone altar of Kikubaaqudgha.
 16912 | D:12     | Reached XP level 12. HP: 110/110 MP: 11/11
 16961 | D:12     | Noticed a seven-headed hydra
 16968 | D:12     | Noticed a two-headed ogre
 17436 | D:12     | Noticed an ogre mage
 17436 | D:12     | Noticed a two-headed ogre
 17436 | D:12     | Noticed a two-headed ogre
 17436 | D:12     | Noticed a two-headed ogre
 17436 | D:12     | Noticed a two-headed ogre
 17436 | D:12     | Noticed a two-headed ogre
 17437 | D:12     | Killed a two-headed ogre
 17438 | D:12     | Reached skill level 14 in Axes
 17438 | D:12     | Noticed an eight-headed hydra
 18297 | D:12     | Killed a ten-headed hydra
 19895 | D:13     | Reached skill level 10 in Armour
 20195 | D:13     | Noticed a centaur warrior
 20220 | D:13     | Killed a centaur warrior
 20221 | D:13     | Reached skill level 15 in Axes
 20761 | D:13     | Found a gate to the Vaults.
 20835 | D:13     | Noticed a tengu warrior
 20849 | D:13     | Killed a tengu warrior
 20903 | D:13     | Noticed a tengu warrior
 20913 | D:13     | Killed a tengu warrior
 20920 | D:13     | Reached XP level 13. HP: 119/119 MP: 12/12
 21005 | D:13     | Received a gift from Trog
 22122 | D:13     | Reached skill level 10 in Dodging
 22246 | D:13     | HP: 5/183 [constriction (13)]
 22248 | D:13     | Demolished by a shambling mangrove

Illustrated notes

Levels and vault maps discovered:
D:1:      ldierk_walled_garden_2, layout_loops_ring, chequers_avenue
D:2:      minmay_chambers_of_twos, layout_loops_corners,
          hellmonk_ecumenical_altar_prayer_group,
          hangedman_decor_clover_reticule, minmay_misc_feat_ornament,
          uniq_crazy_yiuf_cottage, uniq_robin
D:3:      layout_loops_corners, yredelemnul_forgotten_temple_becter,
          uniq_sigmund
D:4:      layout_rooms, grunt_ashenzari_visionary
          [grunt_ashenzari_visionary_shoals, grunt_ashenzari_visionary_snake],
          kennysheep_generic_room_3, uniq_blork_the_orc
D:5:      layout_loops_ring, temple_statues, kennysheep_cluttered_room
D:6:      layout_cave_pods
D:7:      layout_loops_corners
D:8:      layout_basic, grunt_temple_overflow_order_and_chaos_1,
          grunt_temple_overflow_open, mainiacjoe_overflow_catwalk
D:9:      layout_basic, dpeg_oklobed_lair, serial_ice, serial_ice_n,
          serial_ice_b, serial_ice_i, serial_ice_e
D:10:     lemuel_insect_pit, layout_cave_pools, erik_orc_2,
          kennysheep_cross_room, fungi_pond_lemuel, kennysheep_small_spiral,
          uniq_fannar, uniq_erica
D:11:     layout_long_grid, kennysheep_vampire_church
D:12:     layout_cave_pools, minivault_1
D:13:     layout_irregular_city, hangedman_vaults_entry_quadrant_bands,
          serial_bayou, serial_bayou_pond_a, serial_bayou_shore_b,
          serial_bayou_crossing, serial_bayou_pond_d, introduction_to_nature_2

Skill      XL: |  1  2  3  4  5  6  7  8  9 10 11 12 13 |
---------------+----------------------------------------+-----
Axes           | 4 5 6 7 8 10 12 13 15 | 15.5
Fighting       | 4 5 6 7 8 10 11 12 13 | 13.1
Dodging        | 3 4 5 6 7 8 9 10 | 10.0
Evocations     | 1 2 3 4 5 6 7 8 |  8.3
Stealth        | 1 |  1.8
Armour         | 3 5 6 8 9 10 | 10.5

Action                   |  1- 3 |  4- 6 |  7- 9 | 10-12 | 13-15 || total
-------------------------+-------+-------+-------+-------+-------++-------
Melee: Hand axe          |    83 |   114 |     3 |       |       ||   200
       Headbutt          |     9 |    13 |    39 |   105 |    17 ||   183
       Punch             |     1 |     1 |       |       |       ||     2
       Battleaxe         |       |       |   227 |   511 |    51 ||   789
Invok: Berserk           |     1 |     3 |     9 |    15 |     2 ||    30
       Trog's Hand       |       |       |       |     1 |       ||     1
       Brothers in Arms  |       |       |       |     1 |       ||     1
Evoke: Wand              |       |       |       |    25 |     6 ||    31
  Use: Scroll            |       |       |    13 |    14 |       ||    27
       Potion            |       |       |       |    10 |       ||    10
 Stab: Distracted        |     1 |       |     1 |       |       ||     2
       Sleeping          |       |     1 |       |       |       ||     1
Armor: Animal skin       |    20 |    15 |       |       |       ||    35
       Leather armour    |       |    12 |       |       |       ||    12
       Scale mail        |       |    14 |    10 |       |       ||    24
       Plate armour      |       |       |   181 |   430 |    14 ||   625
Dodge: Dodged            |    67 |    63 |   105 |   309 |    33 ||   577
